MLB
SAN FRANCISCO GIANTS @ PITTSBURGH PIRATES
05/25/2020
 
TOP OF THE 1ST
San Francisco Giants batting - Pitching for Pittsburgh Pirates : RHP Trevor Williams
Pitching: RHP Trevor Williams
Batting: SHB Billy Hamilton 0-0: Called Strike
0-1: Foul Ball, location: 2F
0-2: Strikes out swinging
Batting: LHB Brandon Belt 0-0: Foul Ball, location: 2F
0-1: Ball
1-1: Foul Ball, location: 2F
1-2: Ball
2-2: Ball
3-2: SINGLE (Groundball, 4MD, EV 102.5 MPH)
Batting: RHB Yasiel Puig 0-0: Fly out, F9 (Flyball, 9, EV 96.3 MPH)
Batting: LHB Mike Yastrzemski 0-0: SINGLE (Groundball, 34D, EV 103.8 MPH)
Brandon Belt to second
Runner from 2nd tries for 3rd, SAFE, throw by RF made to third
Batting: RHB Evan Longoria 0-0: Called Strike
0-1: Called Strike
0-2: Ball
1-2: Foul Ball, location: 2F
1-2: Ball
2-2: Foul Ball, location: 2F
2-2: Fly out, F7 (Flyball, 7S, EV 90.6 MPH)
Top of the 1st over - 0 runs, 2 hits, 0 errors, 2 left on base; San Francisco 0 - Pittsburgh 0
BOTTOM OF THE 1ST
Pittsburgh Pirates batting - Pitching for San Francisco Giants : RHP Jeff Samardzija
Pitching: RHP Jeff Samardzija
Batting: LHB Jarrod Dyson 0-0: Ball
1-0: Called Strike
1-1: Bunt for hit to 23 - play at first, batter safe!
Batting: RHB Kevin Newman 0-0: Ball
1-0: Fly out, F6 (Line Drive, 6, EV 76.3 MPH)
Batting: SHB Bryan Reynolds 0-0: Called Strike
Jarrod Dyson steals 2nd base
0-1: Swinging Strike
0-2: Ball
1-2: Fly out, F2 (Popup, 23F, EV 80.0 MPH)
Batting: LHB Gregory Polanco 0-0: Foul Ball, location: 2F
0-1: Ball
1-1: Ball
2-1: Ball
3-1: Base on Balls
Batting: LHB Colin Moran 0-0: Called Strike
0-1: Foul Ball, location: 2F
0-2: Ball
1-2: Ground out U3 (Groundball, 3, EV 83.8 MPH)
Bottom of the 1st over - 0 runs, 1 hit, 0 errors, 2 left on base; San Francisco 0 - Pittsburgh 0
TOP OF THE 2ND
San Francisco Giants batting - Pitching for Pittsburgh Pirates : RHP Trevor Williams
Batting: LHB Brandon Crawford 0-0: Ball
1-0: Foul Ball, location: 2F
1-1: Ball
2-1: Foul Ball, location: 2F
2-2: Fly out, F6 (Flyball, 6D, EV 93.1 MPH)
Batting: RHB Buster Posey 0-0: Ball
1-0: SINGLE (Line Drive, 9S, EV 100.6 MPH)
Batting: RHB Donovan Solano 0-0: Fly out, F5 (Flyball, 5D, EV 83.8 MPH)
Batting: RHB Jeff Samardzija 0-0: Swinging Strike
0-1: Swinging Strike
0-2: Foul Ball, location: 2F
0-2: Ball
1-2: Strikes out swinging
Top of the 2nd over - 0 runs, 1 hit, 0 errors, 1 left on base; San Francisco 0 - Pittsburgh 0
BOTTOM OF THE 2ND
Pittsburgh Pirates batting - Pitching for San Francisco Giants : RHP Jeff Samardzija
Batting: RHB Ke'Bryan Hayes 0-0: Called Strike
0-1: Ball
1-1: Foul Ball, location: 2F
1-2: Fly out, F8 (Line Drive, 8RM, EV 110.0 MPH)
Batting: LHB JT Riddle 0-0: Ground out 6-3 (Groundball, 6, EV 83.8 MPH)
Batting: RHB Luke Maile 0-0: Foul Ball, location: 2F
0-1: Ball
1-1: Called Strike
1-2: Strikes out swinging
Bottom of the 2nd over - 0 runs, 0 hits, 0 errors, 0 left on base; San Francisco 0 - Pittsburgh 0
TOP OF THE 3RD
San Francisco Giants batting - Pitching for Pittsburgh Pirates : RHP Trevor Williams
Batting: SHB Billy Hamilton 0-0: Foul Ball, location: 2F
0-1: Called Strike
0-2: Strikes out looking
Batting: LHB Brandon Belt 0-0: Ball
1-0: Called Strike
1-1: Ball
2-1: Ball
3-1: Base on Balls
Batting: RHB Yasiel Puig 0-0: Called Strike
0-1: Ball
1-1: Foul Ball, location: 2F
1-2: Ball
2-2: Strikes out looking
Batting: LHB Mike Yastrzemski 0-0: Ball
1-0: Called Strike
1-1: Foul Ball, location: 2F
1-2: Reached on error, E3 (Groundball, 3, EV 101.9 MPH)
Brandon Belt to second
Batting: RHB Evan Longoria 0-0: SINGLE (Groundball, 56S, EV 71.3 MPH) (infield hit)
Brandon Belt to third
Mike Yastrzemski to second
Batting: LHB Brandon Crawford 0-0: Called Strike
0-1: Hit by Pitch
Brandon Belt scores
Mike Yastrzemski to third
Evan Longoria to second
Batting: RHB Buster Posey 0-0: Ball
1-0: Foul Ball, location: 2F
1-1: Swinging Strike
1-2: Foul Ball, location: 2F
1-2: Foul Ball, location: 2F
1-2: Foul Ball, location: 2F
1-2: Ball
2-2: Foul Ball, location: 2F
2-2: SINGLE (Groundball, 4D, EV 108.1 MPH)
Mike Yastrzemski scores
Evan Longoria to third
Brandon Crawford to second
Runner from 3rd tries for Home, SAFE, throw by RF to home
Batting: RHB Donovan Solano 0-0: Swinging Strike
0-1: Foul Ball, location: 2F
0-2: Ball
1-2: Strikes out swinging
Top of the 3rd over - 3 runs, 2 hits, 1 error, 2 left on base; San Francisco 3 - Pittsburgh 0
BOTTOM OF THE 3RD
Pittsburgh Pirates batting - Pitching for San Francisco Giants : RHP Jeff Samardzija
Batting: RHB Trevor Williams 0-0: Ball
1-0: Foul Ball, location: 2F
1-1: Foul Ball, location: 2F
1-2: Ground out 6-3 (Groundball, 6, EV 86.9 MPH)
Batting: LHB Jarrod Dyson 0-0: Ball
1-0: Ball
2-0: Ball
3-0: Base on Balls
Batting: RHB Kevin Newman 0-0: Ball
1-0: SINGLE (Groundball, 4MS, EV 70.0 MPH) (infield hit)
Jarrod Dyson to second
Batting: SHB Bryan Reynolds 0-0: Ball
1-0: Called Strike
1-1: Foul Ball, location: 2F
1-2: Foul Ball, location: 2F
1-2: Fly out, F8 (Line Drive, 8LD, EV 98.8 MPH)
Batting: LHB Gregory Polanco 0-0: Called Strike
0-1: Ball
1-1: Ball
2-1: Reached on error, E3 (Groundball, 34, EV 80.6 MPH)
Jarrod Dyson to third
Kevin Newman to second
Batting: LHB Colin Moran 0-0: Swinging Strike
0-1: Ball
1-1: Foul Ball, location: 2F
1-2: Foul Ball, location: 2F
1-2: Fly out, F8 (Flyball, 8RD, EV 103.1 MPH)
Bottom of the 3rd over - 0 runs, 1 hit, 1 error, 3 left on base; San Francisco 3 - Pittsburgh 0
TOP OF THE 4TH
San Francisco Giants batting - Pitching for Pittsburgh Pirates : RHP Trevor Williams
Batting: RHB Jeff Samardzija 0-0: Ball
1-0: Ball
2-0: Called Strike
2-1: Called Strike
2-2: Ball
3-2: Base on Balls
Batting: SHB Billy Hamilton 0-0: Grounds into double play, 6-4-3 (Groundball, 6, EV 85.6 MPH)
Batting: LHB Brandon Belt 0-0: Hit by Pitch
Batting: RHB Yasiel Puig 0-0: Ball
1-0: SINGLE (Groundball, 6MD, EV 94.4 MPH)
Brandon Belt to second
Batting: LHB Mike Yastrzemski 0-0: Foul Ball, location: 2F
0-1: Foul Ball, location: 2F
0-2: Fly out, F8 (Flyball, 8RS, EV 85.6 MPH)
Top of the 4th over - 0 runs, 1 hit, 0 errors, 2 left on base; San Francisco 3 - Pittsburgh 0
BOTTOM OF THE 4TH
Pittsburgh Pirates batting - Pitching for San Francisco Giants : RHP Jeff Samardzija
Batting: RHB Ke'Bryan Hayes 0-0: Ball
1-0: DOUBLE (Line Drive, 89D, EV 108.8 MPH)
Batting: LHB JT Riddle 0-0: Called Strike
0-1: Foul Ball, location: 2F
0-2: Fly out, F7 (Flyball, 7LM, EV 91.3 MPH)
Batting: RHB Luke Maile 0-0: Ball
1-0: Swinging Strike
1-1: Ball
2-1: Foul Ball, location: 2F
2-2: Foul Ball, location: 2F
2-2: Ball
3-2: Strikes out swinging
Batting: RHB Trevor Williams 0-0: Ball
1-0: Foul Ball, location: 2F
1-1: Ball
2-1: Swinging Strike
2-2: Strikes out swinging
Bottom of the 4th over - 0 runs, 1 hit, 0 errors, 1 left on base; San Francisco 3 - Pittsburgh 0
TOP OF THE 5TH
San Francisco Giants batting - Pitching for Pittsburgh Pirates : RHP Trevor Williams
Batting: RHB Evan Longoria 0-0: Swinging Strike
0-1: Ball
1-1: Ball
2-1: Ground out 6-3 (Groundball, 6, EV 87.5 MPH)
Batting: LHB Brandon Crawford 0-0: SINGLE (Groundball, 6MD, EV 96.3 MPH)
Batting: RHB Buster Posey 0-0: Called Strike
0-1: Foul Ball, location: 2F
0-2: Foul Ball, location: 2F
0-2: Strikes out swinging
Batting: RHB Donovan Solano 0-0: Called Strike
0-1: Ball
1-1: Ball
2-1: Called Strike
2-2: Fly out, F4 (Line Drive, 4, EV 67.5 MPH)
Top of the 5th over - 0 runs, 1 hit, 0 errors, 1 left on base; San Francisco 3 - Pittsburgh 0
BOTTOM OF THE 5TH
Pittsburgh Pirates batting - Pitching for San Francisco Giants : RHP Jeff Samardzija
Batting: LHB Jarrod Dyson 0-0: Ball
1-0: SINGLE (Line Drive, 78S, EV 91.3 MPH)
Batting: RHB Kevin Newman 0-0: Ball
1-0: Grounds into double play, 6-4-3 (Groundball, 6, EV 80.6 MPH)
Batting: SHB Bryan Reynolds 0-0: Swinging Strike
0-1: Foul Ball, location: 2F
0-2: Fly out, F5 (Flyball, 5D, EV 72.5 MPH)
Bottom of the 5th over - 0 runs, 1 hit, 0 errors, 0 left on base; San Francisco 3 - Pittsburgh 0
TOP OF THE 6TH
San Francisco Giants batting - Pitching for Pittsburgh Pirates : RHP Trevor Williams
Batting: RHB Jeff Samardzija 0-0: Ball
1-0: Ground out 6-3 (Groundball, 56, EV 85.0 MPH)
Pitching: RHP Dovydas Neverauskas
Batting: SHB Billy Hamilton 0-0: Ball
1-0: Ball
2-0: Ball
3-0: Base on Balls
Batting: LHB Brandon Belt 0-0: Called Strike
0-1: Foul Ball, location: 2F
0-2: Ball
1-2: Ball
2-2: Foul Ball, location: 2F
2-2: 2-RUN HOME RUN (Flyball, 7LD, EV 86.9 MPH), Distance : 400 ft
Batting: RHB Yasiel Puig 0-0: Ball
1-0: Ball
2-0: Fly out, F8 (Flyball, 78D, EV 85.0 MPH)
Batting: LHB Mike Yastrzemski 0-0: Called Strike
0-1: Ground out 4-3 (Groundball, 4M, EV 88.1 MPH)
Top of the 6th over - 2 runs, 1 hit, 0 errors, 0 left on base; San Francisco 5 - Pittsburgh 0
BOTTOM OF THE 6TH
Pittsburgh Pirates batting - Pitching for San Francisco Giants : RHP Jeff Samardzija
Batting: LHB Gregory Polanco 0-0: Called Strike
0-1: Ball
1-1: Swinging Strike
1-2: Ball
2-2: Foul Ball, location: 2F
2-2: Foul Ball, location: 2F
2-2: Fly out, F5 (Popup, 6, EV 50.6 MPH)
Batting: LHB Colin Moran 0-0: Foul Ball, location: 2F
0-1: Ground out 5-3 (Groundball, 5L, EV 85.6 MPH)
Batting: RHB Ke'Bryan Hayes 0-0: SINGLE (Line Drive, 34D, EV 106.3 MPH)
Batting: LHB JT Riddle 0-0: Called Strike
0-1: Ball
1-1: Fly out, F7 (Flyball, 7, EV 90.0 MPH)
Bottom of the 6th over - 0 runs, 1 hit, 0 errors, 1 left on base; San Francisco 5 - Pittsburgh 0
TOP OF THE 7TH
San Francisco Giants batting - Pitching for Pittsburgh Pirates : RHP Dovydas Neverauskas
Batting: RHB Evan Longoria 0-0: Swinging Strike
0-1: Ball
1-1: Foul Ball, location: 2F
1-2: Foul Ball, location: 2F
1-2: Ball
2-2: Strikes out swinging
Batting: LHB Brandon Crawford 0-0: Ball
1-0: Called Strike
1-1: Ball
2-1: Swinging Strike
2-2: Ball
3-2: Foul Ball, location: 2F
3-2: Foul Ball, location: 2F
3-2: Ground out 5-3 (Groundball, 56, EV 103.8 MPH)
Pitching: RHP James Marvel
Batting: RHB Buster Posey 0-0: Foul Ball, location: 2F
0-1: Swinging Strike
0-2: Strikes out looking
Top of the 7th over - 0 runs, 0 hits, 0 errors, 0 left on base; San Francisco 5 - Pittsburgh 0
BOTTOM OF THE 7TH
Pittsburgh Pirates batting - Pitching for San Francisco Giants : RHP Jeff Samardzija
Batting: RHB Luke Maile 0-0: Called Strike
0-1: Fly out, F7 (Flyball, 78D, EV 103.1 MPH)
Pinch Hitting: LHB Adam Frazier 0-0: Swinging Strike
0-1: Ball
1-1: Ball
2-1: Foul Ball, location: 2F
2-2: Ball
3-2: Ground out 6-3 (Groundball, 6, EV 83.8 MPH)
Batting: LHB Jarrod Dyson 0-0: Ball
1-0: Ground out 5-3 (Groundball, 5, EV 95.6 MPH)
Bottom of the 7th over - 0 runs, 0 hits, 0 errors, 0 left on base; San Francisco 5 - Pittsburgh 0
TOP OF THE 8TH
San Francisco Giants batting - Pitching for Pittsburgh Pirates : RHP James Marvel
Pitching: LHP Brandon Waddell
Batting: RHB Donovan Solano 0-0: Ball
1-0: Swinging Strike
1-1: Foul Ball, location: 2F
1-2: Strikes out swinging
Batting: RHB Jeff Samardzija 0-0: Ball
1-0: Called Strike
1-1: Foul Ball, location: 2F
1-2: Foul Ball, location: 2F
1-2: Foul Ball, location: 2F
1-2: Strikes out swinging
Batting: SHB Billy Hamilton 0-0: Called Strike
0-1: Fly out, F9 (Flyball, 9LM, EV 95.6 MPH)
Top of the 8th over - 0 runs, 0 hits, 0 errors, 0 left on base; San Francisco 5 - Pittsburgh 0
BOTTOM OF THE 8TH
Pittsburgh Pirates batting - Pitching for San Francisco Giants : RHP Jeff Samardzija
Batting: RHB Kevin Newman 0-0: Fly out, F9 (Flyball, 89D, EV 90.0 MPH)
Batting: SHB Bryan Reynolds 0-0: DOUBLE (Line Drive, 9LM, EV 103.8 MPH)
Batting: LHB Gregory Polanco 0-0: Called Strike
0-1: Ball
1-1: Ball
2-1: Foul Ball, location: 2F
2-2: Ball
3-2: Foul Ball, location: 2F
3-2: Strikes out swinging
Batting: LHB Colin Moran 0-0: Ball
1-0: Swinging Strike
1-1: Ball
2-1: Swinging Strike
2-2: Fly out, F9 (Line Drive, 9, EV 88.1 MPH)
Bottom of the 8th over - 0 runs, 1 hit, 0 errors, 1 left on base; San Francisco 5 - Pittsburgh 0
TOP OF THE 9TH
San Francisco Giants batting - Pitching for Pittsburgh Pirates : LHP Brandon Waddell
Batting: LHB Brandon Belt 0-0: Ball
1-0: Ball
2-0: Ball
3-0: Base on Balls
Batting: RHB Yasiel Puig 0-0: Foul Ball, location: 2F
0-1: Foul Ball, location: 2F
0-2: Ball
1-2: Ball
2-2: Ground out 3-1 (Groundball, 13, EV 93.1 MPH)
Brandon Belt to second
Batting: LHB Mike Yastrzemski 0-0: Called Strike
0-1: Ball
1-1: Called Strike
1-2: SINGLE (Line Drive, 78M, EV 95.6 MPH)
Brandon Belt to third
Pitching: LHP Robbie Erlin
Batting: RHB Evan Longoria 0-0: Grounds into double play, 1-4-3 (Groundball, P, EV 69.4 MPH)
Top of the 9th over - 0 runs, 1 hit, 0 errors, 1 left on base; San Francisco 5 - Pittsburgh 0
BOTTOM OF THE 9TH
Pittsburgh Pirates batting - Pitching for San Francisco Giants : RHP Jeff Samardzija
Batting: RHB Ke'Bryan Hayes 0-0: Called Strike
0-1: Called Strike
0-2: Fly out, F8 (Flyball, 8RS, EV 86.3 MPH)
Batting: LHB JT Riddle 0-0: Ball
1-0: Foul Ball, location: 2F
1-1: Ground out 2-3 (Groundball, 2R, EV 65.6 MPH)
Batting: RHB Luke Maile 0-0: Fly out, F6 (Line Drive, 6, EV 64.4 MPH)
Bottom of the 9th over - 0 runs, 0 hits, 0 errors, 0 left on base; San Francisco 5 - Pittsburgh 0
Sunday, May 31st, 2020 - OOTP Baseball 21.3 Build 54